 Dungeon Crawl Stone Soup version 0.19.1-1-g22dce08 (webtiles) character file.

104 MovingMist the Skirmisher (level 4, -1/40 HPs)
             Began as a Hill Orc Abyssal Knight on Jan 18, 2017.
             Was a Believer of Lugonu.
             Killed from afar by an orc wizard (3 damage)
             ... with a puff of frost
             ... on level 3 of the Dungeon.
             The game lasted 00:03:27 (1526 turns).

MovingMist the Skirmisher (Hill Orc Abyssal Knight) Turns: 1526, Time: 00:03:28

Health: -1/40      AC:  5    Str: 14    XL:     4   Next: 80%
Magic:  6/6        EV: 10    Int: 12    God:    Lugonu [**....]
Gold:   112        SH:  0    Dex: 11    Spells: 0 memorised, 3 levels left

rFire  . . .     SeeInvis .     a - +1 hand axe
rCold  . . .     Gourm    .     l - +0 ring mail
rNeg   . . .     Faith    .     (no shield)
rPois  .         Spirit   .     (no helmet)
rElec  .         Reflect  .     (no cloak)
rCorr  .         Harm     .     (no gloves)
MR     .....                    (no boots)
Stlth  +.........               (no amulet)
                                (no ring)
                                (no ring)

@: no status effects
A: no striking features
a: Depart the Abyss, Bend Space, Renounce Religion


You were on level 3 of the Dungeon.
You worshipped Lugonu.
Lugonu was pleased with you.
You were not hungry.

You visited 1 branch of the dungeon, and saw 3 of its levels.
You visited the Abyss 1 time.

You collected 112 gold pieces.

Inventory:

Hand Weapons
 a - a +1 hand axe (weapon)
Armour
 b - a +0 leather armour
 l - a +0 ring mail (worn)
Scrolls
 g - a scroll of magic mapping {unknown}
 h - 4 scrolls of identify {unknown}
 j - a scroll of remove curse {unknown}
 k - a scroll of immolation {unknown}
 m - a scroll of fog {unknown}
 n - a scroll of fear {unknown}
Potions
 d - a potion of flight {unknown}
 e - a potion of lignification {unknown}
Comestibles
 c - 3 bread rations
 f - a beef jerky
 i - 7 chunks of flesh


   Skills:
 + Level 4.2 Fighting
 + Level 3.8 Axes
 * Level 3.5 Armour
 - Level 0.7 Dodging
 + Level 3.6 Invocations


You had 3 spell levels left.
You didn't know any spells.

Dungeon Overview and Level Annotations

Branches:
Dungeon (3/15)

Altars:
Cheibriados


Message History

Lugonu accepts your kill.
The orc wizard points at you and mumbles some strange words.
The puff of frost hits you!
* * * LOW HITPOINT WARNING * * *
The orc wizard hits you with a dagger.
* * * LOW HITPOINT WARNING * * *
Things that are here:
a short sword; an orc corpse You barely miss the orc wizard.
The orc wizard is lightly wounded.
The orc wizard closely misses you.
You barely miss the orc wizard.
The orc wizard is lightly wounded.
The orc wizard mumbles some strange words.
The orc wizard seems to speed up.
You closely miss the orc wizard.
The orc wizard is lightly wounded.
The orc wizard points at you and mumbles some strange words.
The puff of frost hits you!
You die...

######.#.##.....###
#.<.##......#
#...##....##...
#.........# #
#....#.#.###.#.#
#....#..........
#........###.#.#
#...##.#)# ...#
....##)#@# ....#
#...##.#o#.....#
#..........(...#
#...##..).....##
##............#
..............#
.######........#
#........#
#.#.##.###


You could see an orc wizard.

Vanquished Creatures
  An orc wizard (D:3)
  A gnoll (D:2)
  An ooze (D:1)
  A worm (D:2)
  A dart slug (D:2)
  A leopard gecko (D:2)
  3 orcs (D:3)
  2 giant cockroaches
  9 goblins
  6 hobgoblins
  A quokka (D:2)
  5 bats
  5 frilled lizards
  12 kobolds
  3 rats
52 creatures vanquished.

Notes
Turn   | Place    | Note
-------+----------+-------------------------------------------
     0 | Abyss:1  | MovingMist the Hill Orc Abyssal Knight began the quest for the Orb.
     0 | Abyss:1  | Reached XP level 1. HP: 19/19 MP: 2/2
     8 | D:1      | Escaped the Abyss
    36 | D:1      | Found a snail-covered altar of Cheibriados.
   101 | D:1      | Reached XP level 2. HP: 13/27 MP: 4/4
   617 | D:1      | Reached XP level 3. HP: 31/33 MP: 5/5
   640 | D:1      | Reached ** piety under Lugonu
   999 | D:2      | Reached skill level 4 in Fighting
  1305 | D:2      | Reached XP level 4. HP: 18/40 MP: 6/6
  1523 | D:3      | HP: 2/40 [orc wizard/dagger (1)]
  1526 | D:3      | Killed from afar by an orc wizard

Skill      XL: |  1  2  3 |
---------------+----------+-----
Axes           | 3 |  3.8
Invocations    | 3 |  3.6
Fighting       | 4 |  4.2
Armour         | 3 |  3.5
Dodging        | |  0.7

Action                   |  1- 3 |  4- 6 || total
-------------------------+-------+-------++-------
Melee: Hand axe          |   130 |    43 ||   173
  Eat: Chunk             |     1 |     1 ||     2
Armor: Leather armour    |    24 |       ||    24
       Ring mail         |     2 |    12 ||    14
Dodge: Dodged            |    88 |    23 ||   111
